 Dungeon Crawl Stone Soup version 0.21.0-3-g78d12a8 (webtiles) character file.

224 Monsterracer the Chopper (level 5, 0/41 HPs)
             Began as a Demonspawn Warper on Jan 11, 2018.
             Was an Initiate of Nemelex Xobeh.
             Slain by an orc
             ... wielding a cursed -1 trident
              (8 damage)
             ... on level 3 of the Dungeon.
             The game lasted 00:04:55 (2691 turns).

Monsterracer the Chopper (Demonspawn Warper)        Turns: 2691, Time: 00:04:55

Health: 0/41       AC:  5    Str: 12    XL:     5   Next: 67%
Magic:  8/8        EV: 11    Int: 15    God:    Nemelex Xobeh [......]
Gold:   99         SH:  0    Dex: 12    Spells: 8/8 levels left

rFire    . . .     SeeInvis .   a - +0 hand axe
rCold    . . .     Gourm    .   (no shield)
rNeg     . . .     Faith    .   j - +0 ring mail
rPois    .         Spirit   .   (helmet restricted)
rElec    .         Reflect  .   (no cloak)
rCorr    .         Harm     .   (no gloves)
MR       .....                  (no boots)
Stlth    ..........             (no amulet)
HPRegen  0.13/turn              (no ring)
MPRegen  0.11/turn              (no ring)

@: no status effects
A: antennae 1, hooves 1, demonic guardian 1
a: Renounce Religion


You were on level 3 of the Dungeon.
You worshipped Nemelex Xobeh.
Nemelex Xobeh was noncommittal.
You were hungry.

You visited 1 branch of the dungeon, and saw 3 of its levels.

You collected 99 gold pieces.

Inventory:

Hand Weapons
 a - a +0 hand axe (weapon)
 v - a +0 flail
Missiles
 e - 5 tomahawks of dispersal (quivered)
 k - 3 tomahawks
Armour
 j - a +0 ring mail (worn)
 p - a +0 plate armour
Wands
 q - a wand of iceblast (7)
Scrolls
 d - a scroll of blinking
 g - a scroll of identify {unknown}
 h - a scroll of immolation {unknown}
 m - a scroll of teleportation {unknown}
 n - a scroll of remove curse {unknown}
 r - 2 scrolls of amnesia {unknown}
 t - a scroll of enchant weapon {unknown}
 u - 4 scrolls of magic mapping {unknown}
Potions
 b - a potion of lignification {unknown}
 i - a potion of degeneration {unknown}
 l - a potion of agility {unknown}
 o - a potion of curing {unknown}
 s - a potion of berserk rage {unknown}
Books
 c - a book of Spatial Translocations

   Spells                             Type                      Level
   a - Blink                          Translocation                2
   b - Shroud of Golubria             Charms/Translocation         2
   c - Lesser Beckoning               Translocation                3
   d - Gell's Gravitas                Translocation                3
   e - Teleport Other                 Translocation                3
   f - Passage of Golubria            Translocation                4
Miscellaneous
 w - a plain deck of summoning
Comestibles
 f - 4 rations


   Skills:
 * Level 3.4 Fighting
 * Level 3.6 Axes
 - Level 0.8 Throwing
 + Level 2.0 Armour
 + Level 2.5 Dodging
 - Level 2.0 Spellcasting
   Level 2.6 Translocations
 + Level 1.9 Invocations


You had 8 spell levels left.
You didn't know any spells.

Dungeon Overview and Level Annotations

Branches:
Dungeon (3/15)

Altars:
Cheibriados
Nemelex Xobeh
Zin


Innate Abilities, Weirdness & Mutations

You have a pair of small antennae on your head.
You have large cloven feet.
A weak demonic guardian rushes to your aid.


Message History

Your iron imp completely misses barbarian's ghost.
Things that are here:
a dagger; a robe You swap places.
Barbarian's ghost hits you but does no damage.
The orc closely misses you.
Things that are here:
a dagger; a robe You hit barbarian's ghost.
Barbarian's ghost is lightly damaged.
Your iron imp disappears in a puff of smoke!
Barbarian's ghost closely misses you.
The orc hits you from afar with a trident.
Barbarian's ghost hits you.
You take 9 damage, and have 20/34 hp.
MASSIVE DAMAGE!!
You hit barbarian's ghost.
Barbarian's ghost is moderately damaged.
The orc hits you but does no damage.
Barbarian's ghost hits you but does no damage.
You hit barbarian's ghost.
Barbarian's ghost is heavily damaged.
The orc hits you from afar with a trident.
Barbarian's ghost closely misses you.
You barely miss barbarian's ghost.
Barbarian's ghost is heavily damaged.
The orc hits you from afar with a trident.
* * * LOW HITPOINT WARNING * * *
Barbarian's ghost barely misses you.
You take 6 damage, and have 14/34 hp.
You swap places.
Your white imp gestures at barbarian's ghost.
The puff of frost hits barbarian's ghost.
Barbarian's ghost wails, "I have seen your future, and it is all used up."
Barbarian's ghost hits your white imp.
Your white imp misses barbarian's ghost.
Barbarian's ghost hits your white imp.
Your white imp barely misses barbarian's ghost.
Barbarian's ghost hits your white imp!
Your white imp dies!
Barbarian's ghost turns its malevolent gaze towards you.
Barbarian's ghost stares at you and mumbles some strange words.
The blast of sand hits you! Barbarian's ghost casts a spell at you.
The stone arrow misses you.
You swap places.
Your white imp gestures at barbarian's ghost.
The puff of frost hits barbarian's ghost.
Barbarian's ghost screams, "You must not fail where I succeeded!"
Barbarian's ghost hits your white imp.
Your white imp gestures at barbarian's ghost.
The puff of frost hits barbarian's ghost.
Barbarian's ghost is destroyed!
Your Fighting skill increases to level 3!
Your Armour skill increases to level 2!
You have reached level 5!
You regained 4 hp, and now have 19/41 hp.
MP restored: 8 The orc hits your white imp with a trident.
Your white imp hits the orc.
Your white imp freezes the orc.
The orc dies!
You swap places.
You hit the orc. You kick the orc.
You kill the orc!
The orc hits you with a hand axe.
* * * LOW HITPOINT WARNING * * *
You see here an enchanted dagger.
You take 2 damage, and have 18/41 hp.
You hit the orc. You kick the orc.
The orc is heavily wounded.
The orc misses you. The orc hits you with a hand axe.
* * * LOW HITPOINT WARNING * * *
You take 5 damage, and have 13/41 hp.
You swap places.
Your white imp hits the orc but does no damage.
The orc hits your white imp with a hand axe.
Your white imp hits the orc but does no damage.
The orc barely misses your white imp.
Your white imp gestures at the orc.
The puff of frost hits the orc.
The orc dies!
Your white imp barely misses the orc.
The orc barely misses you.
Your white imp hits the orc.
Your white imp freezes the orc.
The orc hits your white imp with a trident!
Your white imp dies!
The orc hits you from afar with a trident.
* * * LOW HITPOINT WARNING * * *
You take 1 damage, and have 13/41 hp.
The orc hits you with a trident.
* * * LOW HITPOINT WARNING * * *
You see here an enchanted dagger.
You take 5 damage, and have 8/41 hp.
You closely miss the orc. Your kick misses the orc.
The orc is severely wounded.
The orc hits you but does no damage.
You barely miss the orc.
The orc is severely wounded.
The orc hits you with a trident!
You die...
Your body disappears without a glow.

.... #######..... #...
............ #.. ############ #o.
#....... #o# #.###### #o# #.# #.#
#.#
#o########################.######
#.)...........)o@...............#
##########################.####.#
#............)....# #.#
#.################# #.# #.# #.#
#.# #.# ##########.# #..
...........# #.# ##########.# #.#


You could see an orc.

Vanquished Creatures
  An orc wizard (D:3)
  An adder (D:2)
  An ooze (D:2)
  A worm (D:2)
  2 dart slugs (D:2)
  A leopard gecko (D:2)
  5 orcs (D:3)
  A ball python (D:2)
  A giant cockroach (D:2)
  6 hobgoblins
  7 kobolds
  7 bats
  4 frilled lizards
  5 goblins
  6 rats
49 creatures vanquished.

Vanquished Creatures (collateral kills)
  The ghost of barbarian the Digger, an amateur OpEE (D:3)
  An adder (D:3)
  2 orcs (D:3)
4 creatures vanquished.

Grand Total: 53 creatures vanquished

Notes
Turn   | Place    | Note
-------+----------+-------------------------------------------
     0 | D:1      | Monsterracer the Demonspawn Warper began the quest for the Orb.
     0 | D:1      | Reached XP level 1. HP: 16/16 MP: 3/3
   538 | D:1      | Gained mutation: You have a pair of small antennae on your head. [demonic ancestry]
   538 | D:1      | Reached XP level 2. HP: 22/22 MP: 5/5
   851 | D:2      | Reached skill level 1 in Armour
   908 | D:2      | Found a glowing silver altar of Zin.
   966 | D:2      | Found a snail-covered altar of Cheibriados.
  1236 | D:2      | HP: 11/23 [bat (1)]
  1242 | D:2      | HP: 11/23 [bat (1)]
  1436 | D:2      | Gained mutation: A weak demonic guardian rushes to your aid. [demonic ancestry]
  1436 | D:2      | Reached XP level 3. HP: 27/28 MP: 6/6
  1551 | D:2      | Found a sparkling altar of Nemelex Xobeh.
  1578 | D:2      | Became a worshipper of Nemelex Xobeh the Trickster
  1864 | D:2      | HP: 12/28 [worm (9)]
  2256 | D:3      | Received a gift from Nemelex Xobeh
  2326 | D:3      | Gained mutation: You have large cloven feet. [demonic ancestry]
  2326 | D:3      | Reached XP level 4. HP: 25/34 MP: 7/7
  2625 | D:3      | Noticed barbarian's ghost (amateur OpEE)
  2633 | D:3      | Reached skill level 1 in Invocations
  2654 | D:3      | HP: 14/34 [orc/trident (6)]
  2670 | D:3      | Killed barbarian's ghost
  2670 | D:3      | Reached XP level 5. HP: 19/41 MP: 8/8
  2680 | D:3      | HP: 18/41 [orc/hand axe (2)]
  2688 | D:3      | HP: 13/41 [orc/trident (1)]
  2691 | D:3      | Slain by an orc

Skill      XL: |  1  2  3  4 |
---------------+-------------+-----
Axes           | 2 3 |  3.6
Armour         | 1 2 |  2.0
Dodging        | 2 |  2.5
Invocations    | 1 |  1.9
Fighting       | 3 |  3.4
Throwing       | |  0.8
Spellcasting   | |  2.0
Translocations | |  2.6

Action                   |  1- 3 |  4- 6 || total
-------------------------+-------+-------++-------
Melee: Hand axe          |   187 |    24 ||   211
       Kick              |       |     4 ||     4
  Eat: Chunk             |     3 |     2 ||     5
Armor: Leather armour    |    21 |       ||    21
       Ring mail         |    65 |    10 ||    75
Dodge: Dodged            |   131 |    14 ||   145

Vault maps used:
D:1:      onia_arrival_larder, serial_curves, eino_curves_03, eino_curves_03,
          minivault_23
D:2:      old_standard_altar, nemelex_xobeh_ov_fountains_minmay,
          old_standard_altar, kennysheep_donut
D:3:      hangedman_decor_points, okawaru_altar_gauntlet_db
